 Dungeon Sprint DCSS version 0.26-a0-771-g060e6a62af (webtiles) character file.

Game seed: 13715099766628458464

7500000 iamoutofideas the Conqueror (level 27, -6/199 HPs)
             Began as a Gargoyle Fighter on Nov 9, 2020.
             Was the Champion of Makhleb.
             Mangled by a sculptor of flesh
             ... wielding a +9 great sword
              (125 damage)
             ... in the Dungeon (Sprint VIII: "Arena of Blood").
             The game lasted 00:02:40 (75 turns).

iamoutofideas the Conqueror (Gargoyle Fighter)        Turns: 75, Time: 00:02:40

Health: -6/199     AC: 34    Str: 25    XL:     27
Magic:  33/54      EV: 30    Int: 10    God:    Makhleb [******]
Gold:   0          SH:  0    Dex: 16    Spells: 80/80 levels left

rFire    . . .     SeeInvis .   k - +∞ Axe of Woe
rCold    . . .     Faith    .   (shield currently unavailable)
rNeg     + . .     Spirit   .   b - +0 scale mail
rPois    ∞         Reflect  .   (no helmet)
rElec    +         Harm     .   (no cloak)
rCorr    .         Rampage  .   (no gloves)
MR       ++...     NoTele   +   (no boots)
Stlth    ++++++++..             (no amulet)
HPRegen  0.43/turn              (no ring)
MPRegen  0.34/turn              (no ring)

@: slowed, very slow
A: big wings, negative energy resistance 1, electricity resistance, unbreathing,
petrification resistance, rot immunity, AC +20
a: Fly, Minor Destruction, Lesser Servant of Makhleb, Major Destruction, Greater
Servant of Makhleb, Renounce Religion


You were in the Dungeon.
You worshipped Makhleb.
Makhleb was exalted by your worship.
You visited 1 branch

Inventory:

Hand Weapons
 a - a +0 flail
 k - the +∞ Axe of Woe (weapon)
   (You found it in the Dungeon)
Armour
 b - a +0 scale mail (worn)
 c - a +0 kite shield
Scrolls
 j - a scroll of blinking
Potions
 d - a potion of might
 e - a potion of curing
 f - a potion of heal wounds
 g - a potion of haste
 h - 2 potions of magic
 i - a potion of berserk rage


   Skills:
 O Level 27 Fighting
 O Level 27 Axes
 O Level 27 Maces & Flails
 O Level 27 Throwing
 O Level 27 Armour
 O Level 27 Dodging
 O Level 27 Stealth
 O Level 27 Shields
 O Level 27 Unarmed Combat
 O Level 27 Spellcasting
 O Level 27 Invocations


You had 80 spell levels left.
You didn't know any spells.
Your spell library was empty.

Dungeon Overview and Level Annotations

Branches:
Dungeon (1/1)

Altars:
Makhleb


Innate Abilities, Weirdness & Mutations

You are resistant to torment.
Your stone body is resilient. (AC +20)
You are immune to poison.
Your large and strong wings let you fly indefinitely.
You resist negative energy. (rN+)
You are resistant to electric shocks. (rElec)
You can survive without breathing.
You are immune to petrification.
You are immune to rotting.


Message History

You hear a shout! x2
The meat beast bites you but does no damage.
The meat beast tramples you!
You stumble backwards!
Unknown command.
You are engulfed in blazing flames.
The meat beast is engulfed in blazing flames.
The meat beast bites you but does no damage.
The meat beast tramples you but does no damage.
You hear a shout! x5
The meat berserker is engulfed in blazing flames.
A bolt of negative energy appears from out of thin air!
Deactivating autopickup; reactivate with Ctrl-A.
The bolt of negative energy misses you.
You hear a shout! x2
The bag of meat is engulfed in blazing flames.
A bag of meat comes into view. It is wielding a +9 war axe.
The sculptor of flesh is engulfed in blazing flames.
The sculptor of flesh hits you with a +9 great sword!!!!
Ouch! That really hurt!
You die...

......_.)))))..........
......###.°)))))).#.#o#o
.###......)###)))§....o.
#.......#....§☼§V.o..
#.......#..§§§)☼.....
...o.......§)Xo○.....
..z........§#2).#....
...........#zO2.# ...
........##§§@..# Oo
...#......#....#
...#...###o...#. ....{..
..#... ....... ......
...#### ...... ... ..###
.. ##


You could see 2 meat beasts, a destroyer, a sculptor of flesh, a large
abomination, a meat berserker (berserk) and 6 bags of meat.

Vanquished Creatures
  A hell beast (D)
  4 greater mummies (D)
  A wraith (D)
  Harold (D)
  6 vampire knights (D)
  25 ogres (D)
  5 two-headed ogres (D)
  A lich (D)
  52 orcs (D)
  9 skeletal warriors (D)
  4 large abominations (D)
  7 small abominations (D)
  16 crawling corpses (D)
132 creatures vanquished.

Vanquished Creatures (others)
  3 crawling corpses (D)
3 creatures vanquished.

Grand Total: 135 creatures vanquished

Notes
Turn   | Place    | Note
-------+----------+-------------------------------------------
     0 | D        | Found the +∞ Axe of Woe
     0 | D        | iamoutofideas the Gargoyle Fighter began the quest for the
                  | Orb.
     0 | D        | Reached XP level 1. HP: 14/14 MP: 1/1
     3 | D        | Noticed a bag of meat
     3 | D        | Noticed a bag of meat
     6 | D        | Noticed a meat berserker
     6 | D        | Noticed a bag of meat
     8 | D        | Noticed a bag of meat
    10 | D        | Became a worshipper of Makhleb the Destroyer
    10 | D        | Noticed a meat berserker
    11 | D        | Killed a meat berserker
    11 | D        | Reached XP level 2. HP: 40/40 MP: 2/2
    11 | D        | Reached XP level 3. HP: 46/46 MP: 3/3
    11 | D        | Reached XP level 4. HP: 52/52 MP: 4/4
    11 | D        | Reached XP level 5. HP: 57/57 MP: 5/5
    11 | D        | Reached XP level 6. HP: 63/63 MP: 6/6
    11 | D        | Reached XP level 7. HP: 68/68 MP: 7/7
    11 | D        | Reached XP level 8. HP: 74/74 MP: 8/8
    11 | D        | Reached XP level 9. HP: 79/79 MP: 9/9
    11 | D        | Reached XP level 10. HP: 85/85 MP: 10/10
    11 | D        | Reached XP level 11. HP: 90/90 MP: 11/11
    11 | D        | Reached XP level 12. HP: 96/96 MP: 12/12
    11 | D        | Reached XP level 13. HP: 101/101 MP: 13/13
    11 | D        | Noticed a meat berserker
    12 | D        | Killed a meat berserker
    12 | D        | Reached * piety under Makhleb
    12 | D        | Reached skill level 5 in Axes
    12 | D        | Gained mutation: Your large and strong wings let you fly
                  | indefinitely. [Gargoyle growth]
    12 | D        | Reached XP level 14. HP: 91/112 MP: 14/14
    12 | D        | Killed a bag of meat
    12 | D        | Reached XP level 15. HP: 98/120 MP: 15/15
    14 | D        | Killed a meat berserker
    14 | D        | Reached ** piety under Makhleb
    14 | D        | Reached skill level 10 in Axes
    14 | D        | Reached XP level 16. HP: 32/132 MP: 16/16
    14 | D        | Reached skill level 27 in Fighting
    15 | D        | Reached skill level 27 in Armour
    15 | D        | Reached skill level 27 in Shields
    15 | D        | Reached XP level 17. HP: 110/139 MP: 17/17
    16 | D        | Noticed a meat berserker
    16 | D        | Noticed a meat berserker
    17 | D        | Noticed a meat berserker
    17 | D        | Noticed a meat berserker
    17 | D        | Reached *** piety under Makhleb
    17 | D        | Noticed a meat berserker
    17 | D        | Noticed a large bag of meat
    18 | D        | Noticed a meat berserker
    19 | D        | Killed a meat berserker
    19 | D        | Reached XP level 18. HP: 70/145 MP: 18/18
    19 | D        | Killed a meat berserker
    20 | D        | Noticed a meat berserker
    20 | D        | Noticed a large bag of meat
    21 | D        | Killed a meat berserker
    21 | D        | Reached skill level 27 in Axes
    21 | D        | Reached XP level 19. HP: 150/151 MP: 19/19
    21 | D        | Noticed a destroyer
    23 | D        | Killed a meat berserker
    23 | D        | Reached **** piety under Makhleb
    23 | D        | Reached skill level 27 in Maces & Flails
    24 | D        | Noticed a meat berserker
    25 | D        | Killed a meat berserker
    25 | D        | Reached XP level 20. HP: 157/157 MP: 20/20
    26 | D        | Noticed The Servant
    27 | D        | Killed The Servant
    27 | D        | Reached skill level 27 in Dodging
    28 | D        | Reached ***** piety under Makhleb
    28 | D        | Reached skill level 10 in Unarmed Combat
    28 | D        | Reached XP level 21. HP: 163/163 MP: 20/34
    28 | D        | Killed a destroyer
    28 | D        | Reached skill level 15 in Invocations
    28 | D        | Killed a meat berserker
    28 | D        | Reached skill level 15 in Throwing
    28 | D        | Reached skill level 15 in Spellcasting
    28 | D        | Reached XP level 22. HP: 169/169 MP: 20/41
    30 | D        | Reached XP level 23. HP: 175/175 MP: 20/47
    32 | D        | Reached ****** piety under Makhleb
    33 | D        | Reached skill level 27 in Stealth
    33 | D        | Killed a large bag of meat
    33 | D        | Reached skill level 27 in Invocations
    33 | D        | Reached XP level 24. HP: 181/181 MP: 21/51
    33 | D        | Noticed a destroyer
    35 | D        | Killed a large bag of meat
    35 | D        | Reached skill level 27 in Unarmed Combat
    36 | D        | Reached skill level 27 in Spellcasting
    36 | D        | Reached skill level 27 in Throwing
    37 | D        | Killed a destroyer
    37 | D        | Reached XP level 25. HP: 187/187 MP: 22/54
    38 | D        | Noticed a destroyer
    41 | D        | Killed a destroyer
    41 | D        | Reached XP level 26. HP: 193/193 MP: 23/54
    45 | D        | Noticed a destroyer
    46 | D        | Noticed an accursed
    46 | D        | Noticed a large bag of meat
    47 | D        | Noticed a destroyer
    48 | D        | Killed a destroyer
    48 | D        | Reached XP level 27. HP: 199/199 MP: 25/54
    50 | D        | Noticed an accursed
    50 | D        | Noticed an accursed
    53 | D        | Noticed a tyrant
    54 | D        | Killed a destroyer
    55 | D        | Killed an accursed
    57 | D        | Noticed a large bag of meat
    57 | D        | Noticed a meat beast
    58 | D        | Noticed a large bag of meat
    59 | D        | Noticed a destroyer
    60 | D        | Killed a meat beast
    63 | D        | Killed a tyrant
    64 | D        | Killed an accursed
    64 | D        | Noticed an accursed
    68 | D        | Killed an accursed
    68 | D        | Killed an accursed
    69 | D        | Killed a large bag of meat
    69 | D        | Noticed a dread
    72 | D        | Killed a large bag of meat
    72 | D        | Noticed a meat beast
    72 | D        | Noticed a destroyer
    72 | D        | Noticed a meat beast
    73 | D        | Noticed a large bag of meat
    74 | D        | Killed a dread
    74 | D        | Killed a large bag of meat
    74 | D        | Killed a destroyer
    75 | D        | Mangled by a sculptor of flesh

Illustrated notes

Levels and vault maps discovered:
D:        meatsprint

Skill      XL: |  1  2  3  4  5  6  7  8  9 10 11 12 13 14 15 16 17 18 19 20 21 22 23 24 |
---------------+-------------------------------------------------------------------------+-----
Fighting       | 19 22 23 26 27 | 27.0
Axes           | 4 5 6 10 14 22 27 | 27.0
Maces & Flails | 9 11 12 13 16 19 24 27 | 27.0
Armour         | 19 22 23 26 27 | 27.0
Shields        | 19 22 23 25 27 | 27.0
Dodging        | 3 7 23 27 | 27.0
Throwing       | 9 15 20 24 27 | 27.0
Stealth        | 12 19 24 27 | 27.0
Unarmed Combat | 10 16 21 26 27 | 27.0
Spellcasting   | 9 15 20 24 27 | 27.0
Invocations    | 11 18 23 27 | 27.0

Action                   |  1- 3 |  4- 6 |  7- 9 | 10-12 | 13-15 | 16-18 | 19-21 | 22-24 | 25-27 || total
-------------------------+-------+-------+-------+-------+-------+-------+-------+-------+-------++-------
Melee: Executioner's axe |     1 |       |       |       |     3 |     4 |     4 |     8 |    28 ||    48
Armor: Scale mail        |       |       |       |       |       |       |       |     1 |     6 ||     7
Dodge: Dodged            |       |       |       |       |     1 |       |       |       |     5 ||     6

Table legend: (Time is in decaauts)
 A = Elapsed time spent in this place.
 B = Non-inter-level travel time spent in this place.
 C = Inter-level travel time spent in this place.
 D = Time resting spent in this place.
 E = Time spent auto-exploring this place.
 F = Levels seen in this place.
 G = Mean time per level.
                   A        B        C        D        E       F      G
               +--------+--------+--------+--------+--------+-----+--------+
         Total |     67 |     67 |      0 |      0 |      0 |   1 |   67.0 |
       Dungeon |     67 |     67 |      0 |      0 |      0 |   1 |   67.0 |
               +--------+--------+--------+--------+--------+-----+--------+

Top non-repeatable levels by time:
       D: 67 daAuts
